 Dungeon Crawl Stone Soup version 0.20.1-1-g8b1a95d (webtiles) character file.

67 digijack the Skirmisher (level 4, -4/35 HPs)
             Began as a Demonspawn Monk on Dec 7, 2017.
             Killed by nerve-wracking pain
             ... invoked by an orc priest
              (10 damage)
             ... on level 2 of the Dungeon.
             The game lasted 00:07:39 (2063 turns).

digijack the Skirmisher (Demonspawn Monk)           Turns: 2063, Time: 00:07:40

Health: -4/35      AC:  2    Str: 11    XL:     4   Next: 0%
Magic:  4/4        EV: 14    Int: 12    God:
Gold:   73         SH:  0    Dex: 16    Spells: 3/3 levels left

rFire    + . .     SeeInvis .   a - +0 falchion
rCold    . . .     Gourm    .   (no shield)
rNeg     . . .     Faith    .   b - +0 robe
rPois    .         Spirit   .   (no helmet)
rElec    .         Reflect  .   (no cloak)
rCorr    .         Harm     .   (no gloves)
MR       .....                  (no boots)
Stlth    ++........             (no amulet)
Regen    0.2/turn               (no ring)
MPRegen  0.1/turn               (no ring)

@: no status effects
A: claws 1, fire resistance 1
a: no special abilities


You were on level 2 of the Dungeon.
You were not hungry.

You visited 1 branch of the dungeon, and saw 2 of its levels.

You collected 73 gold pieces.

Inventory:

Hand Weapons
 a - a +0 falchion (weapon)
Armour
 b - a +0 robe (worn)
Scrolls
 d - a scroll of identify
Comestibles
 c - 2 bread rations
 f - a meat ration
 g - a royal jelly


   Skills:
 + Level 3.5 Fighting
 + Level 3.2 Long Blades
 + Level 3.2 Dodging
 + Level 2.5 Stealth


You had 3 spell levels left.
You didn't know any spells.

Dungeon Overview and Level Annotations

Branches:
Dungeon (2/15)

Altars:
Ashenzari
The Shining One


Innate Abilities, Weirdness & Mutations

You have sharp fingernails.
Your flesh is heat resistant. (rF+)


Message History

The orc priest shouts!
An orc comes into view. It is wielding a dagger.
The orc throws a tomahawk of returning.
The tomahawk of returning closely misses you.
The weapon returns to the orc!
The kobold shouts!
The orc throws a tomahawk of returning.
The tomahawk of returning hits you.
You see here a tomahawk of returning.
The orc priest mumbles some strange prayers to Beogh against you.
Beogh smites you!
* * * LOW HITPOINT WARNING * * *
The orc throws a tomahawk of returning.
The tomahawk of returning barely misses you.
The weapon returns to the orc!
The orc priest begins to cast a cantrip, but forgets the words!
The orc throws a tomahawk of returning.
The tomahawk of returning misses you.
The weapon returns to the orc!
The orc priest calls down the wrath of Beogh upon you.
Pain shoots through your body!
You die...

#(...........#
#............#
#...o........#
#...########## #..K# ###
###### #.oo#
###.####....###### ###.#
###.................
#o####...................
#.#...o.@.###........##..
#.#.....### ###8...8#####
#..oo..## ###.###
#.....## #...# ##...##
#._.# ##### #...# #####


You could see an orc priest and 2 orcs.

Vanquished Creatures
  An adder (D:2)
  An ooze (D:2)
  A dart slug (D:2)
  2 leopard geckos (D:1)
  2 giant cockroaches (D:1)
  3 goblins
  4 hobgoblins
  10 jackals
  A ball python (D:1)
  7 bats
  6 frilled lizards
  8 kobolds
  4 rats (D:1)
50 creatures vanquished.

Notes
Turn   | Place    | Note
-------+----------+-------------------------------------------
     0 | D:1      | digijack the Demonspawn Monk began the quest for the Orb.
     0 | D:1      | Reached XP level 1. HP: 18/18 MP: 1/1
   234 | D:1      | Gained mutation: Your flesh is heat resistant. (rF+) [demonic ancestry]
   234 | D:1      | Reached XP level 2. HP: 24/24 MP: 2/2
   703 | D:1      | Gained mutation: You have sharp fingernails. [demonic ancestry]
   703 | D:1      | Reached XP level 3. HP: 13/29 MP: 3/3
  1472 | D:2      | Found a glowing golden altar of the Shining One.
  1844 | D:2      | Found a shattered altar of Ashenzari.
  1918 | D:2      | Reached XP level 4. HP: 24/35 MP: 4/4
  2063 | D:2      | Killed from afar by an orc priest

Skill      XL: |  1  2 |
---------------+-------+-----
Stealth        | 2 |  2.5
Long Blades    | 3 |  3.2
Dodging        | 3 |  3.2
Fighting       | |  3.5

Action                   |  1- 3 |  4- 6 || total
-------------------------+-------+-------++-------
Melee: Falchion          |   147 |     7 ||   154
  Use: Scroll            |     4 |       ||     4
       Potion            |     3 |       ||     3
 Stab: Sleeping          |     3 |       ||     3
  Eat: Bread ration      |     1 |       ||     1
Armor: Robe              |    20 |       ||    20
Dodge: Dodged            |   101 |     4 ||   105
       Rpst.: Falchion   |    35 |       ||    35
